 Dungeon Crawl Stone Soup version 0.25.1-1-g288607f5aa (webtiles) character file.

Game seed: 16268153108863328477

3471 H0rd4k the Covert (level 10, 0/60 HPs)
             Began as an Octopode Transmuter on July 23, 2020.
             Was an Initiate of Gozag.
             Slain by a killer bee (8 damage)
             ... on level 8 of the Dungeon.
             The game lasted 00:21:46 (12210 turns).

H0rd4k the Covert (Octopode Transmuter)            Turns: 12210, Time: 00:21:47

Health: 0/60       AC:  1    Str: 15    XL:     10   Next: 6%
Magic:  19/19      EV: 15    Int: 18    God:    Gozag
Gold:   832        SH:  0    Dex: 14    Spells: 11/22 levels left

rFire    . . .     SeeInvis +     - Unarmed
rCold    . . .     Gourm    .   (no shield)
rNeg     . . .     Faith    +   (helmet restricted)
rPois    .         Spirit   .   n - amulet of faith
rElec    .         Reflect  .   m - +6 ring of strength
rCorr    .         Harm     .   p - ring of stealth
MR       .....                  t - ring of see invisible
Stlth    ++++++....             z - ring of flight
HPRegen  0.20/turn              (no ring)
MPRegen  0.16/turn              (no ring)
                                (no ring)
                                (no ring)

@: lethally poisoned (0 -> -17), appendage
A: almost no armour, stealthy swim, amphibious, 8 rings, constrict 8, tentacle
spike 3, camouflage 1, gelatinous body 1
a: End Transformation, Potion Petition, Call Merchant, Bribe Branch, Renounce
Religion, Evoke Flight


You were on level 8 of the Dungeon.
You worshipped Gozag.
Gozag was pleased with you.
You were hungry.
One of your tentacles had a temporary spike.
You visited 1 branch of the dungeon, and saw 8 of its levels.

You collected 937 gold pieces.
You paid 105 gold pieces to Gozag.

Inventory:

Missiles
 a - 136 arrows
 s - 3 silver boomerangs (quivered)
 v - 21 poisoned darts
 w - 7 atropa-tipped darts
Jewellery
 m - a +6 ring of strength (left tentacle)
 n - an amulet of faith (around mantle)
 p - a ring of stealth (right tentacle)
 t - a ring of see invisible (on tentacle)
 z - a ring of flight (on tentacle)
Wands
 f - a wand of disintegration (9)
 q - a wand of iceblast (10)
 y - a wand of acid (6)
Scrolls
 b - a scroll of identify
 d - 2 scrolls of fog
 e - a scroll of immolation
 i - a scroll of remove curse
 j - 3 scrolls of teleportation
 k - 2 scrolls of blinking
 l - a scroll of enchant armour {unknown}
 r - a scroll of fear {unknown}
Potions
 g - a potion of ambrosia
 h - 5 potions of degeneration
 o - a potion of mutation
 u - a potion of stabbing {unknown}
 x - 2 potions of flight
Comestibles
 c - 3 rations


   Skills:
 + Level 1.9 Fighting
 + Level 0.1 Throwing
 + Level 4.6 Dodging
 + Level 8.6 Stealth
 + Level 7.7 Unarmed Combat
 * Level 6.5 Spellcasting
 * Level 6.3 Transmutations
 + Level 1.6 Poison Magic
 + Level 0.3 Evocations


You had 11 spell levels left.
You knew the following spells:

 Your Spells              Type           Power        Failure   Level  Hunger
a - Beastly Appendage     Tmut           ####..       1%          1    None
b - Sticks to Snakes      Tmut           ####....     1%          2    None
c - Spider Form           Tmut/Pois      ###.......   7%          3    ##.....
d - Blade Hands           Tmut           ####......   24%         5    #####..

Your spell library contained the following spells:

 Spells                   Type           Power        Failure   Level  Hunger
 Animate Skeleton         Necr           N/A          12%         1    None
 Apportation              Tloc           #.....       12%         1    None
 Corona                   Hex            #......      12%         1    None
 Summon Small Mammal      Summ           #...         12%         1    None
 Ice Form                 Ice/Tmut       ###.....     30%         4    ####...


Dungeon Overview and Level Annotations

Branches:
Dungeon (8/15)             Temple (0/1) D:6
   Lair: D:8-11

Altars:
Ashenzari
Dithmenos
Fedhas
Gozag
Hepliaklqana
Qazlal
Ru
Xom

Shops:
D:6 }   D:8 %

Annotations:
D:1 exclusion: downstairs
D:2 exclusion: downstairs
D:3 1 runed translucent door, Ijyb; raetorn's ghost, weakling VSBe
D:5 exclusions: downstairs, ice beast, phantom, upstairs and wight
D:7 2 transporters, exclusions: downstairs and sky beast, H0rd4k's ghost, novice OpTm
D:8 exclusion: killer bee


Innate Abilities, Weirdness & Mutations

You cannot wear most types of armour.
You are very stealthy in the water. (Stealth+)
You are amphibious.
You can wear up to eight rings at the same time.
You can use your tentacles to constrict eight enemies at once.
Your skin changes colour to match your surroundings (Stealth+).
Your rubbery body absorbs attacks. (AC +1, EV +1)
One of your tentacles bears a large vicious spike.


Message History

The killer bee is almost dead.
You feel sick. The killer bee stings you!
You are more poisoned.
The killer bee poisons you!
You miss the killer bee. Your grab misses the killer bee.
The killer bee is almost dead.
You feel sick. The killer bee stings you!
* * * LOW HITPOINT WARNING * * *
The killer bee closely misses you.
You tentacle-slap the killer bee but do no damage.
Your grab misses the killer bee.
Your tentacle spike misses the killer bee.
You squeeze the killer bee, but do no damage.
The killer bee is almost dead.
* * * LOW HITPOINT WARNING * * *
You feel sick. The killer bee stings you.
* * * LOW HITPOINT WARNING * * *
The killer bee stings you!
You die...
Your body crumbles into a pile of gold.

####.#####.####.###.## ..#
###.####............. ..#
#.......#.####.###.## #.#
#.#.###.### ##'###.# #.# #.#.#
#.# ##...##.## ##.# #.#.###.#
##.....#... ##..#
#.#..##>###.......###
#...#########.#...#.##.........##
................@y...'.........+.
#...#########.#...#.##.........##
##.## #.......###.......## #.#
####.#### ##.....## #.# #.#
##...## #.# #.# ##'## #.# #.# #.#
#.# #.# #.###### #.# #.#
##.#.....


You could see a killer bee.

Vanquished Creatures
  A hungry ghost (D:7)
  Menkaure (D:4)
  Duvessa (D:4)
  An ice beast (D:5)
  8 ogres
  2 centaurs
  2 bullfrogs
  Dowan (D:4)
  A scorpion (D:7)
  12 killer bees (D:8)
  4 crimson imps
  5 jellies
  2 quasits
  2 centaur zombies
  A bullfrog zombie (D:5)
  4 hounds
  3 orc priests
  A bullfrog skeleton (D:4)
  3 iguanas
  5 worker ants
  6 orc wizards
  Terence (D:2)
  A killer bee zombie (D:6)
  2 hound zombies (D:6)
  3 worker ant zombies
  A howler monkey skeleton (D:5)
  8 adders
  4 shadow imps
  An adder zombie (D:8)
  2 adder skeletons
  3 worms
  2 dart slugs
  5 leopard geckos
  33 orcs
  A ball python (D:3)
  7 bats
  3 giant cockroaches (D:1)
  7 goblins
  11 hobgoblins
  10 jackals
  4 kobolds
  4 quokkas
  6 frilled lizards
  3 leopard gecko skeletons
  A quokka zombie (D:6)
  6 rats
195 creatures vanquished.

Notes
Turn   | Place    | Note
-------+----------+-------------------------------------------
     0 | D:1      | H0rd4k the Octopode Transmuter began the quest for the Orb.
     0 | D:1      | Reached XP level 1. HP: 13/13 MP: 3/3
   237 | D:1      | Reached XP level 2. HP: 18/18 MP: 5/5
   724 | D:1      | Reached XP level 3. HP: 18/23 MP: 6/6
   728 | D:1      | Learned a level 2 spell: Sticks to Snakes
   732 | D:1      | Learned a level 3 spell: Spider Form
  1627 | D:2      | Noticed Terence
  2226 | D:2      | Reached XP level 4. HP: 28/28 MP: 5/7
  2359 | D:2      | Killed Terence
  2359 | D:2      | Reached skill level 1 in Stealth
  2616 | D:3      | Found a stormy altar of Qazlal.
  3161 | D:3      | Reached XP level 5. HP: 33/33 MP: 6/8
  3188 | D:3      | Noticed raetorn's ghost (weakling VSBe)
  3203 | D:3      | Found a shadowy altar of Dithmenos.
  3204 | D:3      | Found a shattered altar of Ashenzari.
  3204 | D:3      | Found a blossoming altar of Fedhas.
  3219 | D:3      | Noticed Ijyb
  3232 | D:3      | Found a runed translucent door.
  3518 | D:3      | Reached skill level 2 in Stealth
  3952 | D:4      | Noticed an ogre
  3965 | D:4      | Killed an ogre
  3965 | D:4      | Reached skill level 3 in Stealth
  3965 | D:4      | Reached XP level 6. HP: 38/38 MP: 6/10
  4248 | D:4      | Found an opulent altar of Gozag.
  4341 | D:4      | Noticed Duvessa
  4342 | D:4      | Reached skill level 5 in Unarmed Combat
  4345 | D:4      | Noticed Dowan
  4618 | D:4      | Noticed Menkaure
  4680 | D:5      | Entered Level 5 of the Dungeon
  4767 | D:5      | Reached XP level 7. HP: 40/43 MP: 9/11
  5436 | D:4      | Killed Menkaure
  5436 | D:4      | Reached skill level 4 in Stealth
  5832 | D:5      | Reached skill level 1 in Poison Magic
  5832 | D:5      | Reached XP level 8. HP: 22/48 MP: 10/13
  6124 | D:5      | Found a sacrificial altar of Ru.
  6981 | D:5      | Reached skill level 5 in Stealth
  7104 | D:5      | Reached skill level 5 in Transmutations
  7696 | D:4      | Killed Duvessa
  7698 | D:4      | Killed Dowan
  7698 | D:4      | Reached skill level 5 in Spellcasting
  7898 | D:4      | Became a worshipper of Gozag Ym Sagoz the Greedy
  7936 | D:6      | Found Yshriume's Gadget Shoppe.
  7973 | D:6      | Found a staircase to the Ecumenical Temple.
  8061 | D:6      | Reached XP level 9. HP: 49/54 MP: 14/16
  8287 | D:6      | Reached skill level 6 in Stealth
  8677 | D:6      | Learned a level 5 spell: Blade Hands
  9311 | D:6      | Reached skill level 7 in Stealth
  9537 | D:7      | Found a transporter.
  9624 | D:7      | Found a hazy altar of Hepliaklqana.
  9629 | D:7      | Found a transporter.
  9630 | D:7      | Noticed H0rd4k's ghost (novice OpTm)
  9631 | D:7      | Noticed a moth of wrath
  9766 | D:7      | Found a shimmering altar of Xom.
  9767 | D:7      | Found a hazy altar of Hepliaklqana.
  9768 | D:7      | Noticed a spectral ugly thing
 10271 | D:8      | Found Baffu's Food Shop.
 10879 | D:8      | Noticed a queen bee
 11145 | D:8      | Reached skill level 8 in Stealth
 11688 | D:8      | Reached XP level 10. HP: 57/60 MP: 19/19
 12210 | D:8      | Slain by a killer bee

Illustrated notes

Levels and vault maps discovered:
D:1:      dpeg_arrival_round_a, layout_basic, minmay_bisected
D:2:      layout_rooms, uniq_terence
D:3:      layout_basic, chequers_temple_overflow_statue_of_worship,
          hellmonk_ghost_happy_afterlife, minmay_misc_feat_columns,
          nicolae_qazlal_general_emergency, uniq_ijyb
D:4:      layout_basic, grunt_gozag_breadcrumbs, kennysheep_generic_room_15,
          uniq_menkaure, uniq_duvessa
D:5:      minmay_opposing_rooms, layout_loops_ring, nicolae_ru_awakened_eye,
          first_ration, dk_noncrumbling_2
D:6:      minmay_razor_zed, layout_basic, minmay_temple_entry_glassed_door,
          serial_shops, nicolae_shop_behind_doors
D:7:      layout_basic, regret_index_temple_of_mockery,
          gammafunk_ghost_berserking_beasts, basic_altar
D:8:      minmay_slanted_spiral_squares, layout_loops_corners, serial_shops,
          shop, david_nohive_1

Skill      XL: |  1  2  3  4  5  6  7  8  9 |
---------------+----------------------------+-----
Unarmed Combat | 4 5 6 7 |  7.7
Stealth        | 1 3 4 5 8 |  8.6
Dodging        | 3 4 |  4.6
Transmutations | 3 4 5 6 |  6.3
Spellcasting   | 3 5 6 |  6.5
Poison Magic   | 1 |  1.6
Fighting       | |  1.9
Throwing       | |  0.1
Evocations     | |  0.3

Action                   |  1- 3 |  4- 6 |  7- 9 | 10-12 || total
-------------------------+-------+-------+-------+-------++-------
Melee: Unarmed           |   114 |   106 |   284 |    37 ||   541
       Constrict         |    29 |    31 |    57 |     8 ||   125
       Tentacles         |    17 |    20 |    47 |     6 ||    90
       Punch             |     3 |     4 |    13 |     3 ||    23
       Kick              |     5 |    19 |    72 |    13 ||   109
Throw: Boomerang         |       |       |     6 |       ||     6
 Cast: Beastly Appendage |     3 |    15 |    46 |     5 ||    69
       Spider Form       |       |     2 |     5 |       ||     7
       Blade Hands       |       |       |     2 |       ||     2
Evoke: Wand              |       |       |     7 |       ||     7
  Use: Potion            |       |     6 |     1 |       ||     7
       Scroll            |       |     5 |     4 |       ||     9
 Stab: Sleeping          |     7 |    10 |    25 |     2 ||    44
       Distracted        |       |       |     2 |       ||     2
  Eat: Chunk             |     3 |     9 |     7 |       ||    19
       Ration            |       |       |     5 |       ||     5
Armor: Skin              |    15 |     8 |    12 |     2 ||    37
Dodge: Dodged            |    85 |    70 |   169 |    29 ||   353
